 Dungeon Crawl Stone Soup version 0.29-a0-371-g91724d5b39 (webtiles) character file.

Game seed: 15676033069924105064

333 croobank the Covert (level 6, -3/53 HPs)
             Began as a Gnoll Delver on May 2, 2022.
             Killed by divine providence
             ... invoked by an orc priest
              (14 damage)
             ... on level 5 of the Dungeon.
             The game lasted 00:14:36 (3608 turns).

croobank the Covert (Gnoll Delver)                  Turns: 3608, Time: 00:14:37

Health: -3/53      AC:  9    Str: 12    XL:     6   Next: 53%
Magic:  9/9        EV: 16    Int: 11    God:
Gold:   174        SH:  0    Dex: 13    Spells: 5/9 levels left

rFire   + . .      SeeInvis .   h - +1 morningstar (pain)
rCold   . . .      Faith    .   (no shield)
rNeg    . . .      Spirit   .   B - +4 ring mail {rF+}
rPois   +          Reflect  .   (no helmet)
rElec   .          Harm     .   (no cloak)
rCorr   .          Rampage  .   (no gloves)
Will    .....                   (no boots)
Stlth   ++++......              (no amulet)
HPRegen 0.17/turn               y - ring of poison resistance
MPRegen 0.11/turn               x - +4 ring of evasion

@: no status effects
A: fangs 1, strong nose, distributed training
a: no special abilities


You were on level 5 of the Dungeon.
You visited 1 branch of the dungeon, and saw 5 of its levels.

You collected 174 gold pieces.

Inventory:

Hand Weapons
 a - a +0 hand axe
 h - a +1 morningstar of pain (weapon)
 k - a +1 vorpal spear
 r - a +2 vampiric dagger
 t - a +1 dagger of speed
Missiles
 p - 3 boomerangs
 s - 2 silver boomerangs (quivered)
 A - 4 poisoned darts
Armour
 b - a +0 leather armour
 n - a +4 ring mail
 B - a +4 ring mail of fire resistance (worn)
 D - the +13 plate armour of the Planets {rF- Will- Int+9 Dex+5}
   (You found it on level 4 of the Dungeon)

   Int:       It affects your intelligence (+9).
   Dex:       It affects your dexterity (+5).
   rF:        It makes you vulnerable to fire.
   Will:      It decreases your willpower.
Jewellery
 e - a ring of willpower
 x - a +4 ring of evasion (right hand)
 y - a ring of poison resistance (left hand)
Wands
 d - a wand of polymorph (5)
 g - a wand of digging (3)
Scrolls
 c - 2 scrolls of fog
 q - a scroll of summoning
 v - 4 scrolls of fear
 C - a scroll of holy word {unknown}
 E - a scroll of brand weapon {unknown}
Potions
 f - a potion of cancellation
 i - a potion of curing {unknown}
 j - 2 potions of mutation {unknown}
 l - a potion of berserk rage {unknown}
 m - a potion of invisibility {unknown}
 o - a potion of heal wounds
 u - a potion of brilliance {unknown}
 w - 2 potions of lignification {unknown}


   Skills:
 + Level 6.8 Fighting
 + Level 2.0 Short Blades
 + Level 2.0 Long Blades
 + Level 5.0 Axes
 + Level 2.0 Maces & Flails
 + Level 2.0 Polearms
 + Level 2.0 Staves
 + Level 2.0 Slings
 + Level 2.0 Bows
 + Level 2.0 Crossbows
 + Level 2.0 Throwing
 + Level 2.0 Armour
 + Level 5.0 Dodging
 + Level 9.8 Stealth
 + Level 2.0 Shields
 + Level 2.0 Unarmed Combat
 + Level 2.0 Spellcasting
 + Level 1.5 Conjurations
 + Level 1.5 Hexes
 + Level 1.5 Summonings
 + Level 1.5 Necromancy
 + Level 1.5 Translocations
 + Level 1.5 Transmutations
 + Level 1.5 Fire Magic
 + Level 1.5 Ice Magic
 + Level 1.5 Air Magic
 + Level 1.5 Earth Magic
 + Level 1.5 Poison Magic
 + Level 2.2 Invocations
 + Level 2.0 Evocations


You had 5 spell levels left.
You knew the following spells:

 Your Spells              Type           Power      Damage    Failure   Level
a - Freeze                Ice            16%        1d4       32%         1
b - Frozen Ramparts       Ice            8%         1d2       69%         3

Your spell library contained the following spells:

 Spells                   Type           Power      Damage    Failure   Level
 Corpse Rot               Necr/Air       8%         N/A       45%         2
 Airstrike                Air            2%         N/A       97%         4
 Dispel Undead            Necr           4%         3d7       97%         4
 Hailstorm                Conj/Ice       4%         3d4       97%         4
 Summon Lightning Spire   Summ/Air       4%         N/A       97%         4
 Lightning Bolt           Conj/Air       2%         1d13      100%        5
 Death Channel            Necr           2%         N/A       100%        6


Dungeon Overview and Level Annotations

Branches:
Dungeon (5/15)
 Temple: D:4-7

Altars:
Ashenzari
Elyvilon
Nemelex Xobeh
Qazlal
Trog
Zin
The Shining One

Shops:
D:4 (

Annotations:
D:4 3 runed translucent doors, Antichthon's ghost, novice GrFi; RobertJustice1's ghost, amateur MiBe; bastard's ghost, amateur SpEn; dolemite99's ghost, novice GnEE


Innate Abilities, Weirdness & Mutations

You have very sharp teeth.
Your uncanny sense of smell can sniff out nearby items.
Your experience applies equally to all skills.


Message History

The orc priest hits you but does no damage.
The orc barely misses you. The orc misses you.
The orc priest closely misses you. The orc closely misses you.
You hit the orc priest.
The orc priest writhes in agony.
The orc priest is moderately wounded.
A hound comes into view.
The orc hits you but does no damage. The orc closely misses you.
The orc priest hits you but does no damage.
The orc completely misses you.
You barely miss the orc priest. Your bite misses the orc priest.
The orc priest is moderately wounded.
The orc closely misses you.
The orc priest calls down the wrath of Beogh upon you.
Beogh smites you! The orc closely misses you. x2
You barely miss the orc priest.
You bite the orc priest, but do no damage.
The orc priest is moderately wounded.
The orc misses you. The orc hits you but does no damage. x2
The orc priest closely misses you. The hound closely misses you.
The orc priest invokes the aid of Beogh against you.
Pain shoots through your body! The orc closely misses you.
The orc hits you but does no damage. The orc hits you with a +0 hand axe.
You hit the orc priest.
The orc priest is severely wounded.
The hound closely misses you. The hound completely misses you.
The orc misses you. The orc closely misses you.
The orc priest calls down the wrath of Beogh upon you.
You barely resist. The orc closely misses you.
You closely miss the orc priest. Your bite misses the orc priest.
The orc priest is severely wounded.
The hound bites you but does no damage. The orc closely misses you.
The orc misses you. The orc hits you with a +0 hand axe.
The orc priest invokes the aid of Beogh against you.
Pain shoots through your body!
* * * LOW HITPOINT WARNING * * *
The hound bites you.
* * * LOW HITPOINT WARNING * * *
The orc priest calls down the wrath of Beogh upon you.
Beogh smites you!
You die...

#........# #......##.
#######+## #.>....+..
***********.# #......##.
*,,,,,,,,,#.# #......##.
*,*******,#.# #.........
*,*,,,,,,,#.# #.......#.
*,###.#####.# #.......#.
*,#.....ho#.# #.......##
*,*,#.###@#.### #.......#
*,*,#...ooo.?.# #######.#
**,*,#####.#.#.#########.##
*,,,,......................
****,#########.#########.##
*,,,,,,................).##
*******######........#.....
#........'.....
#........#.....


You could see a hound, an orc priest and 3 orcs.

Vanquished Creatures
  A hound (D:5)
  Terence (D:2)
  2 iguanas
  An orc wizard (D:5)
  5 gnolls
  7 adders
  2 worms (D:2)
  2 dart slugs
  13 ball pythons
  4 bats
  2 endoplasms
  6 giant cockroaches
  5 hobgoblins
  9 kobolds
  6 quokkas
  6 frilled lizards (D:1)
  9 goblins
  6 rats
87 creatures vanquished.

Vanquished Creatures (collateral kills)
  A ball python (D:4)
  A goblin (D:4)
2 creatures vanquished.

Grand Total: 89 creatures vanquished

Notes
Turn   | Place    | Note
-------+----------+-------------------------------------------
     0 | D:5      | Reached skill level 9 in Stealth
     0 | D:5      | croobank the Gnoll Delver began the quest for the Orb.
     0 | D:5      | Reached XP level 1. HP: 23/23 MP: 1/1
    27 | D:5      | Noticed a hound
    46 | D:4      | Found a stormy altar of Qazlal.
   212 | D:2      | Found a white marble altar of Elyvilon.
   216 | D:2      | Reached XP level 2. HP: 29/29 MP: 2/2
   350 | D:2      | Reached XP level 3. HP: 30/35 MP: 3/3
   682 | D:1      | Reached skill level 1 in Invocations
   817 | D:1      | Reached skill level 1 in Short Blades
   817 | D:1      | Reached skill level 1 in Long Blades
   817 | D:1      | Reached skill level 1 in Maces & Flails
   817 | D:1      | Reached skill level 1 in Polearms
   817 | D:1      | Reached skill level 1 in Staves
   817 | D:1      | Reached skill level 1 in Slings
   817 | D:1      | Reached skill level 1 in Bows
   817 | D:1      | Reached skill level 1 in Crossbows
   817 | D:1      | Reached skill level 1 in Throwing
   817 | D:1      | Reached skill level 1 in Armour
   817 | D:1      | Reached skill level 1 in Shields
   817 | D:1      | Reached skill level 1 in Unarmed Combat
   817 | D:1      | Reached skill level 1 in Spellcasting
   817 | D:1      | Reached skill level 1 in Evocations
  1066 | D:1      | Reached XP level 4. HP: 32/41 MP: 5/5
  1310 | D:1      | Found a faded altar of an unknown god.
  1555 | D:2      | Learned a level 1 spell: Freeze
  1559 | D:2      | Learned a level 3 spell: Frozen Ramparts
  1874 | D:2      | Noticed Terence
  1903 | D:2      | Killed Terence
  1904 | D:2      | Reached skill level 1 in Conjurations
  1904 | D:2      | Reached skill level 1 in Hexes
  1904 | D:2      | Reached skill level 1 in Summonings
  1904 | D:2      | Reached skill level 1 in Necromancy
  1904 | D:2      | Reached skill level 1 in Translocations
  1904 | D:2      | Reached skill level 1 in Transmutations
  1904 | D:2      | Reached skill level 1 in Fire Magic
  1904 | D:2      | Reached skill level 1 in Ice Magic
  1904 | D:2      | Reached skill level 1 in Air Magic
  1904 | D:2      | Reached skill level 1 in Earth Magic
  1904 | D:2      | Reached skill level 1 in Poison Magic
  1929 | D:2      | Reached XP level 5. HP: 47/47 MP: 6/6
  2226 | D:3      | Found a broken altar of Ashenzari.
  2275 | D:3      | Found a glowing silver altar of Zin.
  2378 | D:3      | Found a sparkling altar of Nemelex Xobeh.
  2576 | D:4      | Found Haischu's Weapon Emporium.
  2603 | D:4      | Found a runed translucent gate.
  2603 | D:4      | Found a runed translucent gate.
  2604 | D:4      | Found a runed translucent gate.
  2605 | D:4      | Noticed bastard's ghost (amateur SpEn)
  2605 | D:4      | Noticed RobertJustice1's ghost (amateur MiBe)
  2605 | D:4      | Noticed dolemite99's ghost (novice GnEE)
  2605 | D:4      | Noticed Antichthon's ghost (novice GrFi)
  2675 | D:4      | Found a bloodstained altar of Trog.
  3010 | D:4      | Reached XP level 6. HP: 52/53 MP: 8/8
  3061 | D:4      | Found a glowing golden altar of the Shining One.
  3164 | D:4      | Identified the +13 plate armour of the Planets {rF- Will-
                  | Int+9 Dex+5}
  3407 | D:5      | Identified a scroll of acquirement
  3407 | D:5      | Acquired a ring of poison resistance
  3434 | D:5      | Reached skill level 5 in Axes
  3434 | D:5      | Reached skill level 5 in Dodging
  3608 | D:5      | Killed from afar by an orc priest

Illustrated notes

Levels and vault maps discovered:
D:1:      lemuel_arrival_muddy, layout_basic,
          ebering_ecumenical_altar_abandoned,
          wander_ebering_terrifying_dragon_lair
D:2:      kennysheep_six_static_rooms, layout_rooms, basic_altar, uniq_terence
D:3:      layout_rooms, nemelex_altar_shiori, mainiacjoe_overflow_alcove_1,
          mainiacjoe_overflow_paths
D:4:      layout_loops_cross, mainiacjoe_overflow_boulevard,
          lemuel_crystal_altar, mainiacjoe_overflow_catwalk, serial_shops,
          nicolae_shop_bloodbath_and_beyond, gammafunk_ghost_cemetery,
          eino_tiny_chamber, minmay_crystal_water
D:5:      layout_basic, mainiacjoe_overflow_alcove_4

Skill      XL: |  1  2  3  4  5  6 |
---------------+-------------------+-----
Stealth        | |  9.8
Invocations    | 1 2 |  2.2
Short Blades   | 1 2 |  2.0
Long Blades    | 1 2 |  2.0
Maces & Flails | 1 2 |  2.0
Polearms       | 1 2 |  2.0
Staves         | 1 2 |  2.0
Slings         | 1 2 |  2.0
Bows           | 1 2 |  2.0
Crossbows      | 1 2 |  2.0
Throwing       | 1 2 |  2.0
Armour         | 1 2 |  2.0
Shields        | 1 2 |  2.0
Unarmed Combat | 1 2 |  2.0
Spellcasting   | 1 2 |  2.0
Evocations     | 1 2 |  2.0
Conjurations   | 1 |  1.5
Hexes          | 1 |  1.5
Summonings     | 1 |  1.5
Necromancy     | 1 |  1.5
Translocations | 1 |  1.5
Transmutations | 1 |  1.5
Fire Magic     | 1 |  1.5
Ice Magic      | 1 |  1.5
Air Magic      | 1 |  1.5
Earth Magic    | 1 |  1.5
Poison Magic   | 1 |  1.5
Axes           | 5 |  5.0
Dodging        | 5 |  5.0
Fighting       | |  6.8

Action                   |  1- 3 |  4- 6 || total
-------------------------+-------+-------++-------
Melee: Hand axe          |    10 |       ||    10
       Morningstar       |    63 |   150 ||   213
       Bite              |     3 |    18 ||    21
 Cast: Freeze            |       |     1 ||     1
  Use: Scroll            |     2 |    13 ||    15
       Potion            |     1 |     1 ||     2
 Stab: Sleeping          |    13 |    19 ||    32
Armor: Leather armour    |    12 |     8 ||    20
       Ring mail         |       |    67 ||    67
Dodge: Dodged            |    51 |   195 ||   246

Table legend: (Time is in decaauts)
 A = Elapsed time spent in this place.
 B = Non-inter-level travel time spent in this place.
 C = Inter-level travel time spent in this place.
 D = Time resting spent in this place.
 E = Time spent auto-exploring this place.
 F = Levels seen in this place.
 G = Mean time per level.
                   A        B        C        D        E       F      G
               +--------+--------+--------+--------+--------+-----+--------+
         Total |   3687 |   3547 |    140 |     36 |   2375 |   5 |  737.4 |
       Dungeon |   3687 |   3547 |    140 |     36 |   2375 |   5 |  737.4 |
               +--------+--------+--------+--------+--------+-----+--------+

Top non-repeatable levels by time:
     D:1: 1122 daAuts
     D:4: 861 daAuts
     D:2: 710 daAuts
     D:3: 668 daAuts
     D:5: 323 daAuts
